 Dungeon Crawl Stone Soup version 0.24.1-14-gf8d2b509d9 (webtiles) character file.

Game seed: 10552813459775571388, levelgen mode: deterministic

10595 KlarStein the Covert (level 11, 0/142 HPs)
             Began as a Vampire Gladiator on July 9, 2020.
             Was a Believer of Ashenzari.
             Shot with a sling bullet by a faun (14 damage)
             ... on level 1 of the Shoals on July 10, 2020.
             The game lasted 01:36:59 (10729 turns).

KlarStein the Covert (Vampire Gladiator)           Turns: 10729, Time: 01:36:59

Health: 0/142      AC: 27    Str: 13    XL:     11   Next: 38%
Magic:  3/11       EV:  2    Int: 12    God:    Ashenzari [**....]
Gold:   621        SH:  0    Dex: 18    Spells: 10/10 levels left

rFire    . . .     SeeInvis +   a - +1 rapier
rCold    . . .     Gourm    .   (no shield)
rNeg     + + +     Faith    .   (armour currently unavailable)
rPois    +         Spirit   .   (helmet currently unavailable)
rElec    .         Reflect  .   (cloak currently unavailable)
rCorr    .         Harm     .   (gloves currently unavailable)
MR       +....     NoTele   +   (boots currently unavailable)
Stlth    +++.......             g - amulet of rage
HPRegen  0.53/turn              i - +2 ring of protection
MPRegen  0.12/turn              k - +5 ring of evasion (curse)

@: tree-form (expiring), regenerating quickly, glowing
A: no food, see invisible, robust 1, MP-powered wands
a: Exsanguinate, Curse Item, Scrying, Renounce Religion, Evoke Berserk Rage


You were on level 1 of the Shoals.
You worshipped Ashenzari.
Ashenzari was pleased with you.
You were alive.
You were a tree.
You visited 4 branches of the dungeon, and saw 14 of its levels.
You also visited: Ossuary.

You collected 621 gold pieces.

Inventory:

Hand Weapons
 a - a +1 rapier (weapon)
 c - a +0 rapier
 y - a +0 hand crossbow
 I - the +5 mace of Indomitability {elec, rN++}
   (You found it on level 2 of the Lair of Beasts)

   Occasionally, upon striking a foe, it will discharge some electrical energy
   and cause terrible harm.
   It greatly protects you from negative energy.
Missiles
 d - 2 throwing nets
 h - 3 atropa-tipped darts (quivered)
Armour
 o - a cursed +1 pair of boots (melded)
 s - a cursed +0 cloak (melded)
 w - a +2 robe of resistance
 B - the cursed +4 ring mail "Ytwammu" (melded) {rElec rC+ rCorr}
   (You found it on level 7 of the Dungeon)

   It protects you from cold.
   It insulates you from electricity.
   It provides partial protection from all sources of acid and corrosion.
   It has a curse placed upon it.
 C - the -4 cloak "Sus Yfac" {rF+}
   (You found it on level 1 of the Lair of Beasts)

   It protects you from fire.
Jewellery
 g - an amulet of rage (around neck)
 i - a +2 ring of protection (left branch)
 k - a cursed +5 ring of evasion (right branch)
 r - an uncursed ring of resist corrosion
Wands
 t - a wand of clouds (6)
 x - a wand of polymorph (5)
 E - a wand of disintegration (4)
 F - a wand of flame (8)
Scrolls
 n - 4 scrolls of fog
 J - 2 scrolls of enchant weapon
 L - a scroll of teleportation
Potions
 b - a potion of invisibility
 e - 3 potions of agility {unknown}
 f - a potion of ambrosia
 j - 3 potions of lignification
 l - a potion of resistance {unknown}
 m - 2 potions of mutation
 p - a potion of magic {unknown}
 q - a potion of haste
 u - a potion of berserk rage
 z - 5 potions of might
 A - 2 potions of brilliance {unknown}
 D - 2 potions of heal wounds {unknown}
 G - 2 potions of flight {unknown}
Miscellaneous
 H - a crystal ball of energy


   Skills:
 + Level 8.5 Fighting
 * Level 10.5 Short Blades
 - Level 1.5 Throwing
 + Level 0.9(1.7) Armour
 + Level 10.3(11.6) Dodging
 + Level 13.3 Stealth


You had 10 spell levels left.
You didn't know any spells.
Your spell library was empty.

Dungeon Overview and Level Annotations

Branches:
Dungeon (9/15)             Temple (1/1) D:6            Lair (3/6) D:8
 Shoals (1/4) Lair:3      Ossuary (visited)
  Snake: Lair:2-4    Spider: Lair:2-4       Orc: D:9-12

Altars:
Ashenzari
Elyvilon
Gozag
Hepliaklqana
Makhleb
Nemelex Xobeh
Okawaru
Qazlal
Uskayaw
Vehumet
Xom
Yredelemnul
Zin

Shops:
D:7 :

Annotations:
D:3 3 runed translucent doors, sipior's ghost, amateur OpVM
Lair:1 exclusion: 4 oklob plants


Innate Abilities, Weirdness & Mutations

You do not eat.
Your natural rate of healing is unusually fast.
((You have razor-sharp teeth.))
You have supernaturally acute eyesight. (SInv)
((You can survive without breathing.))
((You have a pair of small antennae on your head.))
((Your flesh is cold resistant. (rC+)))
You are robust. (+10% HP)
You expend magic power (3 MP) to strengthen your wands.


Message History

The snapping turtle bites you but does no damage.
The faun shoots a stone.
The stone hits you but does no damage.
Aiming: Disintegrate
Press: ? - help, Shift-Dir - straight line, f/p - snapping turtle
Aim: a snapping turtle (moderately wounded, chance to defeat MR: 55%)
You feel a surge of power!
The snapping turtle resists with significant effort.
The faun shoots a sling bullet.
The sling bullet hits you but does no damage.
The snapping turtle bites you from afar!
* * * LOW HITPOINT WARNING * * *
The faun shoots a stone.
The stone hits you but does no damage.
Aiming: Disintegrate
Press: ? - help, Shift-Dir - straight line, f/p - snapping turtle
Aim: a snapping turtle (moderately wounded, chance to defeat MR: 55%)
You feel a surge of power!
The snapping turtle resists with significant effort.
The snapping turtle bites you but does no damage.
The faun shoots a sling bullet.
The sling bullet hits you!
You die...

≈≈≈≈≈≈≈≈≈..≈†≈c#* ,
≈ ≈
≈≈≈≈≈≈≈≈..≈cc##.≈≈
≈≈ ≈≈≈≈≈≈≈≈≈....≈≈≈≈
≈ ≈
≈≈≈≈≈≈≈≈.(...≈≈≈≈.
≈≈≈≈≈P≈≈..##..$.≈≈≈
≈≈ , ≈≈P≈≈P≈≈..#
*..≈≈≈≈≈ ≈
≈≈P≈≈P(≈ct# ...≈≈≈ ,
≈≈P≈≈(≈.c)###...≈..
,
≈≈PP≈P≈.##♣#..PP..≈
≈≈≈P≈P........≈≈.P.
,
≈≈≈≈≈PP.....≈≈..P.#
≈ ≈≈PPPPP≈...<...P.#
* , ≈
≈≈≈PPPP≈≈≈..#.P..# ≈
≈≈≈≈PPP≈≈≈≈......#
,≈≈
≈≈≈≈≈P≈≈≈≈≈≈≈≈≈...#
≈
≈≈≈≈≈≈≈≈≈≈≈≈≈≈≈≈...,
≈≈≈≈≈≈≈≈≈≈≈≈≈≈≈≈...
≈ ≈ ≈


You could see a snapping turtle and 2 fauns.

Vanquished Creatures
  A hydra (Lair:3)
  2 fauns (Shoals:1)
  6 spiny frogs
  2 komodo dragons
  A rime drake (Lair:2)
  A troll (D:8)
  A wind drake (Shoals:1)
  3 hippogriffs
  A dream sheep (Lair:1)
  A wyvern (D:8)
  A basilisk (Lair:1)
  A hungry ghost (D:8)
  A naga (D:7)
  7 water moccasins
  4 porcupines (Lair:2)
  Duvessa (D:7)
  2 sky beasts
  An orc warrior (D:9)
  A black bear (Lair:1)
  2 phantoms
  2 ogres (D:6)
  3 wolves (D:8)
  2 centaurs (D:8)
  6 crocodiles
  5 bullfrogs
  A water moccasin zombie (Ossuary)
  2 scorpions (D:8)
  A howler monkey (D:5)
  5 crimson imps
  A bullfrog zombie (D:5)
  2 jellies (D:7)
  A bullfrog skeleton (D:7)
  6 orc priests
  2 gnoll shamans
  7 hounds
  2 iguanas
  4 orc wizards
  Natasha (thrice) (D:3)
  8 worker ants
  3 big kobold zombies (Ossuary)
  A hound skeleton (D:4)
  3 mummies
  7 adders
  11 gnolls
  2 howler monkey skeletons
  2 oozes
  5 adder zombies (Ossuary)
  3 worms
  4 dart slugs
  4 leopard geckos
  30 orcs
  A ball python (D:3)
  7 bats
  3 giant cockroaches
  3 gnoll zombies (Ossuary)
  3 goblins (D:2)
  A hobgoblin (D:3)
  10 jackals
  20 kobolds
  4 quokkas
  5 frilled lizards
  3 hobgoblin zombies (Ossuary)
  2 kobold zombies (Ossuary)
  A leopard gecko skeleton (D:6)
  6 orc zombies (Ossuary)
  3 rats
250 creatures vanquished.

Vanquished Creatures (others)
  A sky beast (D:8)
  An orc wizard (D:5)
2 creatures vanquished.

Grand Total: 252 creatures vanquished

Notes
Turn   | Place    | Note
-------+----------+-------------------------------------------
     0 | D:1      | KlarStein the Vampire Gladiator began the quest for the
                  | Orb.
     0 | D:1      | Reached XP level 1. HP: 16/16 MP: 1/1
   166 | D:1      | Reached skill level 1 in Stealth
   195 | D:1      | Reached XP level 2. HP: 12/22 MP: 2/2
   770 | D:2      | Reached skill level 2 in Stealth
   770 | D:2      | Reached XP level 3. HP: 27/27 MP: 3/3
  1080 | D:2      | Found a radiant altar of Vehumet.
  1532 | D:3      | Reached XP level 4. HP: 34/34 MP: 4/4
  1691 | D:3      | Reached skill level 3 in Stealth
  1934 | D:3      | Found a runed translucent gate.
  1934 | D:3      | Found a runed translucent gate.
  1936 | D:3      | Found a runed translucent gate.
  1938 | D:3      | Noticed sipior's ghost (amateur OpVM)
  2014 | D:3      | Noticed Natasha
  2023 | D:3      | Killed Natasha
  2023 | D:3      | Reached XP level 5. HP: 35/40 MP: 5/5
  2303 | D:3      | Noticed Natasha
  2321 | D:3      | Killed Natasha
  2321 | D:3      | Reached skill level 4 in Stealth
  2396 | D:3      | Noticed Natasha
  2401 | D:3      | Killed Natasha
  2587 | D:4      | Reached XP level 6. HP: 47/47 MP: 6/6
  2815 | D:4      | Gained mutation: You have a pair of small antennae on your
                  | head. [potion of mutation]
  2815 | D:4      | Gained mutation: You expend magic power (3 MP) to
                  | strengthen your wands. [potion of mutation]
  2815 | D:4      | Gained mutation: Your flesh is cold resistant. (rC+)
                  | [potion of mutation]
  2815 | D:4      | Gained mutation: You are robust. (+10% HP) [potion of
                  | mutation]
  3095 | D:4      | Reached skill level 5 in Short Blades
  3095 | D:4      | Reached skill level 5 in Stealth
  3124 | D:4      | Reached skill level 5 in Dodging
  3365 | D:5      | Entered Level 5 of the Dungeon
  3427 | D:5      | Reached XP level 7. HP: 7/58 MP: 7/7
  3642 | D:5      | Reached skill level 6 in Stealth
  3979 | D:5      | Found a sand-covered staircase.
  3995 | Ossuary  | Entered an ossuary
  4225 | Ossuary  | Reached XP level 8. HP: 60/67 MP: 8/8
  4314 | D:5      | Reached skill level 7 in Stealth
  5021 | D:6      | Found a staircase to the Ecumenical Temple.
  5031 | Temple   | Entered the Ecumenical Temple
  5099 | Temple   | Became a worshipper of Ashenzari the Shackled
  5276 | D:6      | Reached skill level 5 in Fighting
  5316 | D:6      | Reached skill level 8 in Stealth
  5727 | D:7      | Found Poryuzoc's Book Shop.
  5775 | D:7      | Reached * piety under Ashenzari
  5798 | D:7      | Found a basalt altar of Yredelemnul.
  5809 | D:7      | Found a hazy altar of Hepliaklqana.
  5812 | D:7      | Found an iron altar of Okawaru.
  6205 | D:7      | Noticed Duvessa
  6205 | D:7      | Noticed Dowan
  6220 | D:7      | Killed Duvessa
  6220 | D:7      | Reached skill level 9 in Stealth
  6220 | D:7      | Reached XP level 9. HP: 70/75 MP: 9/9
  6242 | D:7      | Noticed Dowan
  6242 | D:7      | Dowan changed into Dowan the swamp drake
  6243 | D:7      | Noticed Dowan
  6243 | D:7      | Dowan the swamp drake changed into Dowan the naga
  6260 | D:7      | Killed Dowan the naga
  6468 | D:7      | Got the uncursed ring mail "Ytwammu" {rElec rC+ rCorr}
  6480 | D:7      | Identified the +4 ring mail "Ytwammu" {rElec rC+ rCorr}
                  | (You found it on level 7 of the Dungeon)
  6956 | D:8      | Noticed a two-headed ogre
  7374 | D:8      | Reached skill level 10 in Stealth
  7542 | D:8      | Found a staircase to the Lair.
  7542 | D:8      | Noticed a troll
  7643 | D:8      | Killed a troll
  8155 | D:8      | Reached XP level 10. HP: 73/84 MP: 10/10
  8225 | D:8      | Reached skill level 11 in Stealth
  8402 | Lair:1   | Entered Level 1 of the Lair of Beasts
  8578 | Lair:1   | Got the cursed cloak "Sus Yfac" {rF+}
  8591 | Lair:1   | Identified the cursed -4 cloak "Sus Yfac" {rF+} (You found
                  | it on level 1 of the Lair of Beasts)
  8909 | Lair:1   | Reached ** piety under Ashenzari
  9029 | Lair:1   | Noticed an oklob plant
  9041 | Lair:1   | Noticed an oklob plant
  9041 | Lair:1   | Noticed an oklob plant
  9041 | Lair:1   | Noticed an oklob plant
  9538 | Lair:2   | Noticed a spiny frog
  9549 | Lair:2   | Killed a spiny frog
  9549 | Lair:2   | Reached skill level 12 in Stealth
  9575 | Lair:2   | Noticed a spiny frog
  9583 | Lair:2   | Killed a spiny frog
  9741 | Lair:2   | Got the mace of Indomitability {elec, rN++}
  9878 | Lair:2   | Noticed a spiny frog
  9918 | Lair:2   | Killed a spiny frog
 10097 | Lair:2   | Reached XP level 11. HP: 94/94 MP: 11/11
 10159 | Lair:3   | Reached skill level 10 in Short Blades
 10195 | Lair:3   | Reached skill level 10 in Dodging
 10277 | Lair:3   | Noticed a four-headed hydra
 10288 | Lair:3   | Killed a four-headed hydra
 10288 | Lair:3   | Reached skill level 13 in Stealth
 10569 | Lair:3   | Found a staircase to the Shoals.
 10657 | Shoals:1 | Entered Level 1 of the Shoals
 10720 | Shoals:1 | HP: 6/142 [snapping turtle (13)]
 10729 | Shoals:1 | Shot with a sling bullet by a faun

Levels and vault maps discovered:
D:1:      lightli_arrival_isolated_outpost, layout_loops_ring
D:2:      layout_loops_ring, vehumet_crystals, first_ration
D:3:      layout_basic, gammafunk_ghost_split, uniq_natasha
D:4:      layout_loops_corners
D:5:      layout_rooms, gup_ossuary_entry_pyramid, grunt_decor_resistance
D:6:      layout_layer_cave, minmay_temple_entry_poolview
D:7:      layout_basic, minitemple, serial_shops, shop, uniq_duvessa
D:8:      layout_basic, erik_lair_island
D:9:      layout_cave_pools, st_stairs_7, david_nohive_1, uniq_grum
Temple:   dpeg_five_rooms_temple
Lair:1:   minmay_lair_oklob_tunnel, layout_regular_city, fungi_pond_lemuel,
          grunt_megastairs_2
Lair:2:   layout_gridlike
Lair:3:   layout_misc_corridors, shoals_dummy_entry, serial_bayou_pond_e
Shoals:1: layout_shoals, serial_shops, shop, nicolae_shoals_drake_roost

Skill      XL: |  1  2  3  4  5  6  7  8  9 10 11 |
---------------+----------------------------------+-----
Stealth        | 1 2 3 4 5 6 9 10 12 13 | 13.3
Fighting       | 2 3 4 5 6 8 |  8.5
Short Blades   | 4 5 6 7 8 9 10 | 10.5
Dodging        | 4 5 6 7 8 9 10 | 10.3
Throwing       | |  1.5
Armour         | |  0.9

Action                   |  1- 3 |  4- 6 |  7- 9 | 10-12 || total
-------------------------+-------+-------+-------+-------++-------
Melee: Rapier            |   118 |   223 |   704 |   244 ||  1289
       Bite              |    11 |    30 |    95 |    38 ||   174
Throw: Throwing net      |     1 |       |     1 |       ||     2
       Dart              |       |       |     4 |       ||     4
Invok: Curse Item        |       |       |     1 |     2 ||     3
Evoke: Wand              |       |     4 |     6 |    22 ||    32
  Use: Scroll            |       |    12 |    10 |     4 ||    26
       Potion            |       |     1 |     3 |    12 ||    16
 Stab: Sleeping          |     2 |     3 |    17 |    15 ||    37
       Distracted        |       |     2 |       |     1 ||     3
Armor: Leather armour    |    22 |    35 |    71 |       ||   128
       Ring mail         |       |       |    48 |    38 ||    86
       Skin              |       |       |    14 |    39 ||    53
       Robe              |       |       |     3 |       ||     3
Dodge: Dodged            |    91 |   217 |   597 |   150 ||  1055
